 Dungeon Crawl Stone Soup version 0.27-a0-836-gfc908b8576 (webtiles) character file.

Game seed: 11067117641655433649

80 funkygono the Shield-Bearer (level 4, -1/35 HPs)
             Began as a Djinni Fighter on Mar 31, 2021.
             Slain by a gnoll
             ... wielding a +4 halberd
              (9 damage)
             ... on level 2 of the Dungeon.
             The game lasted 00:03:05 (2345 turns).

funkygono the Shield-Bearer (Djinni Fighter)        Turns: 2345, Time: 00:03:05

Health: -1/35      AC:  6    Str: 15    XL:     4   Next: 39%
Gold:   69         EV:  8    Int: 11    God:
                   SH:  9    Dex: 12

rFire    + + .     SeeInvis .   a - +0 long sword
rCold    . . .     Faith    .   c - +0 kite shield
rNeg     . . .     Spirit   .   i - +3 leather armour {Will+}
rPois    ∞         Reflect  .   (no helmet)
rElec    .         Harm     .   (no cloak)
rCorr    .         Rampage  .   (no gloves)
Will     +....                  (boots unavailable)
Stlth    +.........             (no amulet)
HPRegen  0.11/turn              g - ring of protection from cold
MPRegen  0.00/turn              (no ring)

@: flying
A: fire resistance 2, cold vulnerability 1, float, innate caster, hp casting,
extra vitality 1
a: no special abilities


You were on level 2 of the Dungeon.
You visited 1 branch of the dungeon, and saw 2 of its levels.

You collected 69 gold pieces.

Inventory:

Hand Weapons
 a - a +0 long sword (weapon)
 n - a +3 club
Armour
 c - a +0 kite shield (worn)
 i - a +3 leather armour of willpower (worn)
Jewellery
 b - a ring of protection from fire
 g - a ring of protection from cold (left hand)
Wands
 m - a wand of iceblast (7)
Scrolls
 f - 2 scrolls of identify
 j - a scroll of noise {unknown}
 k - a scroll of vulnerability {unknown}
 l - a scroll of silence {unknown}
Potions
 d - a potion of might
 e - a potion of ambrosia {unknown}
 h - a potion of curing


   Skills:
 + Level 3.4 Fighting
 + Level 2.5 Long Blades
 * Level 3.4 Armour
 + Level 0.4 Dodging
 + Level 0.1 Stealth
 + Level 3.4 Shields
 * Level 1.0 Spellcasting


You had 4 spell levels left.
You knew the following spells:

 Your Spells              Type           Power      Damage    Failure   Level
a - Pain                  Necr           8%         1d4       75%         1
Your spell library was empty.

Dungeon Overview and Level Annotations

Branches:
Dungeon (2/15)

Altars:
Ru
Sif Muna


Innate Abilities, Weirdness & Mutations

You are immune to poison.
Your flesh is very heat resistant. (rF++)
You are vulnerable to cold. (rC-)
You float through the air rather than walking.
You learn spells naturally, not from books.
Your magical power is your life essence.
You have superior vitality. (+4 HP)


Message History

A gnoll comes into view. It is wielding a +4 halberd.
Casting: Pain (safe; 75% risk of failure)
Confirm with . or Enter, or press ? or * to list all spells.
Aiming: Pain (safe; 75% risk of failure)
Press: ? - help, Shift-Dir - straight line, f - gnoll
Aim: a gnoll, wielding a +4 halberd (wandering, hasn't noticed you, chance to affect: 48%)
The gnoll shouts!
The gnoll resists with some effort.
The gnoll closely misses you.
Things that are here:
a +0 flail; a gnoll corpse; a gnoll corpse You hit the gnoll but do no damage.
You block the gnoll's attack.
You hit the gnoll but do no damage. You block the gnoll's attack.
The gnoll hits you but does no damage.
Your shield prevents you from hitting the gnoll.
You block the gnoll's attack.
Your shield prevents you from hitting the gnoll.
The gnoll closely misses you. You block the gnoll's attack.
You barely miss the gnoll. The gnoll hits you with a +4 halberd.
The gnoll closely misses you.
You closely miss the gnoll. The gnoll closely misses you.
You riposte.
You closely miss the gnoll. You slash the gnoll!
The gnoll is severely wounded.
The gnoll barely misses you. The gnoll hits you with a +4 halberd!
You hit the gnoll.
The gnoll is almost dead.
The gnoll hits you but does no damage.
You barely miss the gnoll.
The gnoll is almost dead.
The gnoll hits you with a +4 halberd.
* * * LOW HITPOINT WARNING * * *
The gnoll barely misses you.
You barely miss the gnoll.
The gnoll is almost dead.
You block the gnoll's attack.
You completely miss the gnoll.
The gnoll is almost dead.
The gnoll hits you with a +4 halberd!
You die...

...#.# #...#.......#
.....# #...##.....##
..#..# #.#.####.###
###..# #.#......... ....
#.#.###..... ..... #.#.#
### .>.... #.#.# ......
######.#.#.# #..@g..#.#.#
#.######.#.# ##
#......#.#.# ..
###########.#.#.#########
####
#.............#..........
...#
#.#########.#############
##.# #.# #.# #.# #.# #.#
#.# #.# #.#


You could see a gnoll.

Vanquished Creatures
  2 adders (D:2)
  2 gnolls (D:2)
  2 ball pythons (D:1)
  9 endoplasms
  4 giant cockroaches
  2 goblins
  4 hobgoblins (D:1)
  3 jackals (D:1)
  2 quokkas (D:1)
  A bat (D:1)
  3 frilled lizards
  A kobold (D:1)
  3 rats
38 creatures vanquished.

Vanquished Creatures (others)
  6 plants (D:1)
6 creatures vanquished.

Grand Total: 44 creatures vanquished

Notes
Turn   | Place    | Note
-------+----------+-------------------------------------------
     0 | D:1      | funkygono the Djinni Fighter began the quest for the Orb.
     0 | D:1      | Reached XP level 1. HP: 20/20 MP: 0/0
   203 | D:1      | Reached XP level 2. HP: 22/25 MP: 0/0
   810 | D:1      | Reached XP level 3. HP: 29/30 MP: 0/0
   810 | D:1      | Learned a level 1 spell: Pain
  1538 | D:2      | Found a sacrificial altar of Ru.
  2028 | D:2      | Reached XP level 4. HP: 26/35 MP: 0/0
  2327 | D:2      | Reached skill level 1 in Spellcasting
  2345 | D:2      | Slain by a gnoll

Illustrated notes

Levels and vault maps discovered:
D:1:      minmay_arrival_shattered_statue, layout_loops_corners,
          serial_bayou_pond_a
D:2:      layout_basic, zin_statuary, nicolae_sif_muna_condensation,
          old_standard_altar

Skill      XL: |  1  2  3  4 |
---------------+-------------+-----
Long Blades    | 2 |  2.5
Spellcasting   | 1 |  1.0
Fighting       | |  3.4
Armour         | |  3.4
Dodging        | |  0.4
Stealth        | |  0.1
Shields        | |  3.4

Action                   |  1- 3 |  4- 6 || total
-------------------------+-------+-------++-------
Melee: Long sword        |   108 |    24 ||   132
 Cast: Pain              |     3 |     2 ||     5
  Use: Scroll            |     3 |       ||     3
Armor: Scale mail        |    39 |       ||    39
       Leather armour    |    14 |     6 ||    20
Dodge: Dodged            |    43 |     8 ||    51
Block: Kite shield       |    50 |    11 ||    61
       Rpst.: Long sword |    13 |     1 ||    14

Table legend: (Time is in decaauts)
 A = Elapsed time spent in this place.
 B = Non-inter-level travel time spent in this place.
 C = Inter-level travel time spent in this place.
 D = Time resting spent in this place.
 E = Time spent auto-exploring this place.
 F = Levels seen in this place.
 G = Mean time per level.
                   A        B        C        D        E       F      G
               +--------+--------+--------+--------+--------+-----+--------+
         Total |   2413 |   2383 |     30 |      0 |   1980 |   2 | 1206.5 |
       Dungeon |   2413 |   2383 |     30 |      0 |   1980 |   2 | 1206.5 |
               +--------+--------+--------+--------+--------+-----+--------+

Top non-repeatable levels by time:
     D:1: 1482 daAuts
     D:2: 930 daAuts
